 Dungeon Crawl Stone Soup version 0.30-a0-629-gd54f4be4f7 (webtiles) character file.

Game seed: 7890144697406466890

1799 kae the Ruffian (level 8, 0/70 HPs)
             Began as a White Draconian Transmuter on Jan 12, 2023.
             Was a Follower of Ru.
             Slain by a hornet (2 damage)
             ... on level 7 of the Dungeon.
             The game lasted 00:05:49 (6397 turns).

kae the Ruffian (White Draconian Transmuter)        Turns: 6397, Time: 00:05:49

Health: 0/70       AC:  7    Str: 13    XL:     8   Next: 83%
Magic:  0/17       EV: 10    Int: 15    God:    Ru [*.....]
Gold:   382        SH:  0    Dex: 12    Spells: 3/19 levels left

rFire   x . .      SeeInvis .      - Unarmed
rCold   + + +      Faith    .    (shield currently unavailable)
rNeg    . . .      Spirit   +    (body armour unavailable)
rPois   +          Reflect  .    (helmet currently unavailable)
rElec   .          Harm     .    (cloak currently unavailable)
rCorr   .          Rampage  .    (gloves currently unavailable)
Will    .....                    (boots currently unavailable)
Stlth   +                        G - amulet of guardian spirit
HPRegen 0.31/turn                Z - ring of wizardry
MPRegen 0.15/turn                (no ring)

@: lethally poisoned (0 -> -6), ice-form, slowed, very slow
A: freezing attack, amphibious, boosted hp, (breathe frost), AC +6, large,
unfitting armour, (cold resistance 1), (cold-blooded), no conjurations magic, no
hexes magic, no poison magic
a: End Transformation, Renounce Religion


You were on level 7 of the Dungeon.
You worshipped Ru.
Ru was aware of your devotion.
You were a creature of crystalline ice.
You visited 1 branch of the dungeon, and saw 7 of its levels.

You collected 382 gold pieces.


Innate Abilities, Weirdness & Mutations

You are a creature of crystalline ice.
You have a powerful freezing melee attack.
You are amphibious.
Your maximum health is increased.
Your armour is entirely melded.
You are incapable of wielding weapons or throwing items.
((You can breathe waves of freezing cold which knock back foes.))
((Your icy white scales are hard. (AC +6)))
You cannot fit into any form of body armour.
((Your flesh is cold resistant. (rC+)))
((You are cold-blooded and may be slowed by cold attacks.))
You cannot study or cast Conjurations magic.
You cannot study or cast Hexes magic.
You cannot study or cast Poison magic.


   Skills:
 - Level 1.1 Fighting
 - Level 1.7 Dodging
 * Level 7.4 Unarmed Combat
 * Level 6.2 Spellcasting
 + Level 5.0 Transmutations
 * Level 4.9 Ice Magic
 + Level 0.9 Earth Magic


You had 3 spell levels left.
You knew the following spells:

 Your Spells              Type           Power      Damage    Failure   Level
a - Beastly Appendage     Tmut           38%        N/A       1%          1
b - Wereblood             Tmut           19%        N/A       1%          2
c - Spider Form           Tmut/Pois      12%        N/A       6%          3
d - Ice Form              Ice/Tmut       19%        N/A       8%          4
e - Statue Form           Tmut/Erth      8%         N/A       91%         6

Your spell library contained the following spells:

 Spells                   Type           Power      Damage    Failure   Level
 Ozocubu's Armour         Ice            19%        N/A       2%          3
 Gell's Gravitas          Tloc           4%         N/A       17%         3
 Lesser Beckoning         Tloc           8%         N/A       17%         3
 Teleport Other           Tloc           4%         N/A       17%         3
 Dispel Undead            Necr           4%         3d7       47%         4
 Lee's Rapid Deconstruct  Erth           3%         3d5*      69%         5
 Ozocubu's Refrigeration  Ice            9%         4d9       99%         7
 Death Channel            Necr           2%         N/A       100%        6
 Cigotuvi's Dreadful Rot  Necr/Pois/Air  Unusable   N/A       N/A         2
 Inner Flame              Hex/Fire       Unusable   N/A       N/A         3
 Leda's Liquefaction      Hex/Erth       Unusable   N/A       N/A         4
 Flame Wave               Conj/Fire      Unusable   2d5       N/A         4
 Sticky Flame             Conj/Fire      Unusable   2d3       N/A         4

Inventory:

Missiles
 c - 3 boomerangs
 e - 53 stones
 i - 2 javelins
 j - 5 boomerangs of dispersal {=f!f}
 s - 9 poisoned darts
 u - a throwing net {=f!f}
 w - 3 silver boomerangs
Magical Staves
 k - a staff of death {!a}
   (You found it on level 2 of the Dungeon)
Jewellery
 g - an amulet of regeneration
   (You found it on level 3 of the Dungeon)
 A - an amulet of the acrobat
   (You found it on level 3 of the Dungeon)
 F - a ring of fire
   (You found it on level 2 of the Dungeon)
 G - an amulet of guardian spirit (around neck)
   (You found it on level 1 of the Dungeon)
 Z - a ring of wizardry (left front paw)
   (You found it on level 1 of the Dungeon)
Wands
 l - a wand of flame (52)
   (You took it off Ijyb on level 3 of the Dungeon)
 p - a wand of roots (8)
   (You found it on level 5 of the Dungeon)
Scrolls
 n - a scroll of vulnerability {unknown}
 o - 2 scrolls of teleportation {@r4}
 t - a scroll of enchant armour
 v - a scroll of fear
 x - a scroll of enchant weapon
Potions
 a - 2 potions of lignification {!q}
 b - 4 potions of mutation {unknown}
 d - 2 potions of flight
 f - 3 potions of might
 h - 3 potions of brilliance {unknown}
 m - a potion of heal wounds {@q2}
 q - 2 potions of degeneration {unknown}
 r - a potion of magic

Dungeon Overview and Level Annotations

Branches:
Dungeon (7/15) Zot: 26586  Temple (0/1) D:7

Altars:
Ashenzari
Dithmenos
Gozag
Hepliaklqana
Okawaru
Qazlal
Ru
Trog
Vehumet
Wu Jian

Annotations:
D:7 exclusion: hornet

. #.# ..###..#..#
##.....## #. .
...##.....####..##...####.
. .........##..###.....##.
. ..##........## #........
. #.........## #........ #
##.#......## ##......# .
...#.####..####......## .
.##..######...#.......## .
##. #Yy............... .
..#.####....###...#.. . #
... #..........### . .....
#..######..# . .......
#..# #..# . #...... ...#
#..# § #...... ...# #.. ≈
....... ..# +.. .≈§≈..


You could see a hornet.


Message History

An ice beast is nearby! 😕 MP[+1]
You punch the ice beast!
You kill the ice beast!
Your Transmutations skill increases to level 5!
No target in view!
A bullfrog comes into view. 😎 HP[+3] MP[+3]
Your hp is fully restored (70).
Your mp is fully restored (17).
Your transformation is almost over.
A bullfrog is nearby!
A bullfrog is nearby!
The bullfrog croaks.
You punch the bullfrog! You freeze the bullfrog.
The bullfrog hits you but does no damage.
A bullfrog is nearby!
You punch the bullfrog! You freeze the bullfrog.
You kill the bullfrog!
No target in view!
You see here a bullfrog corpse.
You warm up again.
Key pressed, stopping explore.
No target in view!
No target in view! 😎 HP[-11]
You now have 59 max hp (-11).
A hornet comes into view.
The hornet buzzes angrily.
The hornet moves out of view.
No target in view!
No target in view!
A hornet is nearby!
Unknown command.
A hornet is nearby!
A hornet is nearby!
Casting: Ice Form (dangerous; 8% risk of failure)
Confirm with . or Enter, or press ? or * to list all spells.
You turn into a creature of crystalline ice. 😎 HP[+11] MP[-4]
You now have 70 max hp (+11).
Your hp is fully restored (70).
You lost 4 mp, and now have 13/17 mp.
You punch the hornet! You freeze the hornet. The hornet stings you!
You feel yourself slow down. 😕 HP[-7] MP[-1]
You take 7 damage, and now have 63/70 hp.
You lost 1 mp, and now have 12/17 mp.
You barely miss the hornet.
You feel yourself speed up. The hornet stings you.
The hornet stings you! 😮 HP[-14] MP[-3]
You take 14 damage, and now have 49/70 hp.
You lost 3 mp, and now have 9/17 mp.
You hit the hornet. You freeze the hornet. The hornet closely misses you.
The hornet stings you!
You feel yourself slow down. 😮 HP[-11] MP[-2]
You take 11 damage, and now have 38/70 hp.
You lost 2 mp, and now have 7/17 mp.
You hit the hornet but do no damage.
You feel yourself speed up. The hornet stings you.
You feel yourself slow down.
The hornet barely misses you. 😮 HP[-1] MP[+1]
You take 1 damage, and now have 37/70 hp.
You hit the hornet. You freeze the hornet. The hornet stings you.
* * * LOW HITPOINT WARNING * * *
You feel as though you will be slow longer.
The hornet closely misses you. 😨 HP[-3] MP[-1]
You take 3 damage, and now have 34/70 hp.
You lost 1 mp, and now have 7/17 mp.
You barely miss the hornet. The hornet stings you!
* * * LOW HITPOINT WARNING * * *
The hornet stings you but does no damage. 😨 HP[-6] MP[-1]
You take 6 damage, and now have 28/70 hp.
You lost 1 mp, and now have 6/17 mp.
Unknown command.
You completely miss the hornet. The hornet stings you. x2
* * * LOW HITPOINT WARNING * * *
You feel as though you will be slow longer. 😨 HP[-2] MP[-2]
You take 2 damage, and now have 26/70 hp.
You lost 2 mp, and now have 4/17 mp.
You punch the hornet! You freeze the hornet. The hornet stings you!
* * * LOW HITPOINT WARNING * * *
You are poisoned.
The hornet stings you.
* * * LOW HITPOINT WARNING * * *
😱 HP[-13] MP[-2]
You take 13 damage, and now have 13/70 hp.
You lost 2 mp, and now have 2/17 mp.
You barely miss the hornet.
* * * LOW HITPOINT WARNING * * *
You feel very sick. The hornet stings you!
* * * LOW HITPOINT WARNING * * *
The hornet stings you.
You die...

Skill      XL: |  1  2  3  4  5  6  7  8 |
---------------+-------------------------+-----
Unarmed Combat | 4 5 6 7 |  7.4
Spellcasting   | 3 4 5 6 |  6.2
Transmutations | 3 4 5 |  5.0
Ice Magic      | 2 4 |  4.9
Fighting       | |  1.1
Dodging        | |  1.7
Earth Magic    | |  0.9

Action                   |  1- 3 |  4- 6 |  7- 9 || total
-------------------------+-------+-------+-------++-------
Melee: Unarmed           |   125 |    83 |   141 ||   349
       Kick              |    14 |     2 |     3 ||    19
       Tailslap          |    12 |     2 |     2 ||    16
       Headbutt          |     7 |     3 |     3 ||    13
       Punch             |       |       |     1 ||     1
 Cast: Beastly Appendage |    25 |     3 |     3 ||    31
       Spider Form       |     3 |    10 |     6 ||    19
       Wereblood         |       |     1 |     3 ||     4
       Ice Form          |       |     4 |    16 ||    20
Invok: Sacrifice Arcana  |       |       |     1 ||     1
  Use: Scroll            |     4 |     2 |     4 ||    10
       Potion            |       |     1 |     1 ||     2
 Stab: Sleeping          |     1 |       |       ||     1
       Paralysed         |       |     2 |       ||     2
Armor: Skin              |    26 |     2 |    31 ||    59
Dodge: Dodged            |    82 |    57 |    79 ||   218

Levels and vault maps discovered:
D:1:      spicycebolla_arrival_xxxplode, layout_rooms
D:2:      layout_rooms
D:3:      layout_basic, nicolae_ru_great_annihilating_truth,
          ebering_ghost_sewer_f, minmay_box_of_dots, uniq_terence, uniq_ijyb,
          uniq_grinder
D:4:      layout_loops_ring, overflow_temple_1_default
D:5:      layout_gridville, nicolae_overflow_hidden_temple,
          minmay_overflow_temple_star_hex
D:6:      layout_basic, uniq_blork_the_orc, uniq_menkaure
D:7:      layout_layer_cave, nicolae_qazlal_general_emergency,
          mainiacjoe_overflow_boulevard, general_overflow_altar,
          mainiacjoe_overflow_brackets, minmay_temple_entry_slanted

Notes
Turn   | Place    | Note
-------+----------+-------------------------------------------
     0 | D:1      | kae the Draconian Transmuter began the quest for the Orb.
     0 | D:1      | Reached XP level 1. HP: 16/16 MP: 3/3
     0 | D:1      | magus.rc [v1.11.3]
   197 | D:1      | Reached XP level 2. HP: 23/23 MP: 1/5
   351 | D:1      | Learned a level 2 spell: Wereblood
   663 | D:2      | Reached XP level 3. HP: 9/28 MP: 0/6
   668 | D:2      | HP: 6/28 [goblin/sling bullet (5)]
   764 | D:1      | Learned a level 3 spell: Spider Form
  1419 | D:2      | Reached skill level 4 in Unarmed Combat
  1419 | D:2      | Reached XP level 4. HP: 22/35 MP: 2/8
  1493 | D:3      | You add the spells Ozocubu's Armour and Ozocubu's
                  | Refrigeration to your library.
  1535 | D:3      | You pick up a book of the Earth and begin reading...
  1535 | D:3      | You add the spells Leda's Liquefaction, Lee's Rapid
                  | Deconstruction and Statue Form to your library.
  1539 | D:3      | You pick up a book of Displacement and begin reading...
  1539 | D:3      | You add the spells Lesser Beckoning, Gell's Gravitas and
                  | Teleport Other to your library.
  1618 | D:3      | Noticed Terence
  1702 | D:3      | Noticed Grinder
  1896 | D:3      | Noticed Ijyb
  1908 | D:3      | Killed Ijyb
  1909 | D:3      | Reached skill level 3 in Spellcasting
  1914 | D:3      | Reached skill level 3 in Transmutations
  2065 | D:3      | Found a sacrificial altar of Ru.
  2070 | D:3      | Reached XP level 5. HP: 37/40 MP: 4/9
  2080 | D:3      | Became a worshipper of Ru the Awakened
  2175 | D:2      | Learned a level 4 spell: Ice Form
  2211 | D:2      | Killed Terence
  2381 | D:3      | Paralysed by Grinder for 3 turns
  2385 | D:3      | HP: 9/48 [Grinder (7)]
  2390 | D:3      | Killed Grinder
  2391 | D:3      | Reached skill level 5 in Unarmed Combat
  2391 | D:3      | Reached skill level 4 in Spellcasting
  2391 | D:3      | Reached XP level 6. HP: 10/47 MP: 1/12
  2760 | D:4      | You pick up a book of Decay and begin reading...
  2760 | D:4      | You add the spells Cigotuvi's Dreadful Rot, Dispel Undead
                  | and Death Channel to your library.
  2816 | D:4      | Your scales start taking on an icy white colour.
  2816 | D:4      | Reached XP level 7. HP: 52/52 MP: 8/13
  2816 | D:4      | Gained mutation: Your flesh is cold resistant. (rC+) [White
                  | Draconian growth]
  2894 | D:4      | Found an iron altar of Okawaru.
  3027 | D:4      | Reached skill level 4 in Transmutations
  3288 | D:4      | You pick up a book of Flames and begin reading...
  3288 | D:4      | You add the spells Inner Flame, Sticky Flame and Flame Wave
                  | to your library.
  3490 | D:5      | Entered Level 5 of the Dungeon
  3506 | D:5      | Reached skill level 6 in Unarmed Combat
  3660 | D:5      | Reached skill level 5 in Spellcasting
  3660 | D:5      | Reached skill level 1 in Ice Magic
  4103 | D:5      | Reached skill level 2 in Ice Magic
  4293 | D:5      | Found an opulent altar of Gozag.
  4610 | D:5      | Found a hazy altar of Hepliaklqana.
  4616 | D:5      | Found a broken altar of Ashenzari.
  4619 | D:5      | Found an ornate altar of the Wu Jian Council.
  4632 | D:5      | Found a shadowy altar of Dithmenos.
  4634 | D:5      | Found a bloodstained altar of Trog.
  4773 | D:5      | Gained mutation: You cannot study or cast Poison magic. [Ru
                  | sacrifice]
  4773 | D:5      | Gained mutation: You cannot study or cast Hexes magic. [Ru
                  | sacrifice]
  4773 | D:5      | Gained mutation: You cannot study or cast Conjurations
                  | magic. [Ru sacrifice]
  4773 | D:5      | Reached * piety under Ru
  4822 | D:6      | Noticed Blork the orc
  4826 | D:6      | Killed Blork the orc
  5004 | D:6      | Reached XP level 8. HP: 59/59 MP: 9/16
  5163 | D:6      | Reached skill level 3 in Ice Magic
  5458 | D:6      | Noticed Menkaure
  5463 | D:6      | Killed Menkaure
  5636 | D:6      | Reached skill level 7 in Unarmed Combat
  5636 | D:6      | Reached skill level 4 in Ice Magic
  5798 | D:6      | Reached skill level 6 in Spellcasting
  5955 | D:6      | Learned a level 6 spell: Statue Form
  5986 | D:7      | Found a stormy altar of Qazlal.
  6006 | D:7      | Noticed a hornet
  6014 | D:7      | Found a radiant altar of Vehumet.
  6188 | D:7      | Found a staircase to the Ecumenical Temple.
  6310 | D:7      | Reached skill level 5 in Transmutations
  6383 | D:7      | Noticed a hornet
  6396 | D:7      | HP: 13/70 [hornet (6)]
  6397 | D:7      | HP: 2/70 [hornet (8)]
  6397 | D:7      | Slain by a hornet

Vanquished Creatures
  Grinder (D:3)
  Menkaure (D:6)
  A water moccasin (D:5)
  2 ice beasts
  2 ogres (D:4)
  A phantom (D:6)
  Blork the orc (D:6)
  A kobold brigand (D:7)
  4 bullfrogs
  2 scorpions
  A jelly (D:7)
  2 hounds
  An orc priest (D:5)
  Ijyb (D:3)
  Terence (D:2)
  An iguana (D:6)
  3 orc wizards
  4 adders
  4 gnolls (D:6)
  A shadow imp (D:5)
  An ufetubus (D:4)
  A worm (D:3)
  2 dart slugs (D:2)
  20 orcs
  2 bats
  7 endoplasms
  7 giant cockroaches
  7 goblins
  8 hobgoblins
  6 jackals
  10 kobolds
  A quokka (D:2)
  3 ball pythons
  A frilled lizard (D:2)
  3 rats
114 creatures vanquished.

Vanquished Creatures (others)
  A kobold (D:7)
  A plant (D:7)
2 creatures vanquished.

Grand Total: 116 creatures vanquished

Table legend:
 A = Non-vault XP
 B = Vault XP
 C = Vault XP percentage of total XP
 D = Non-vault monster count
 E = Vault monster count
 F = Vault count percentage of total count
                 A         B        C        D         E       F
            +---------+---------+-------+---------+---------+-------
      Total |    1911 |     659 |  25.6 |     103 |      11 |   9.6
            +---------+---------+-------+---------+---------+-------
        D:1 |      25 |       0 |   0.0 |      14 |       0 |   0.0
        D:2 |      99 |      36 |  26.7 |      27 |       1 |   3.6
        D:3 |      38 |     370 |  90.7 |      15 |       8 |  34.8
        D:4 |     371 |       0 |   0.0 |      10 |       0 |   0.0
        D:5 |     287 |       0 |   0.0 |      13 |       0 |   0.0
        D:6 |     720 |     253 |  26.0 |      13 |       2 |  13.3
        D:7 |     371 |       0 |   0.0 |      11 |       0 |   0.0
            +---------+---------+-------+---------+---------+-------

Illustrated notes

Table legend:
 A = Kills in this place as a percentage of kills in entire the game.
 B = Kills by you in this place as a percentage of kills by you in the entire game.
 C = Kills by friends in this place as a percentage of kills by friends in the entire game.
 D = Other kills in this place as a percentage of other kills in the entire game.
 E = Experience gained in this place as a percentage of experience gained in the entire game.
 F = Experience gained in this place divided by the number of levels of this place that you have seen.
                   A       B       C       D       E      F
               +-------+-------+-------+-------+-------+----------------------
         Total | 100.0 | 100.0 |   N/A |   N/A | 100.0 | 367.1
       Dungeon | 100.0 | 100.0 |   N/A |   N/A | 100.0 | 367.1
               +-------+-------+-------+-------+-------+----------------------

Table legend: (Time is in decaauts)
 A = Elapsed time spent in this place.
 B = Non-inter-level travel time spent in this place.
 C = Inter-level travel time spent in this place.
 D = Time resting spent in this place.
 E = Time spent auto-exploring this place.
 F = Levels seen in this place.
 G = Mean time per level.
                   A        B        C        D        E       F      G
               +--------+--------+--------+--------+--------+-----+--------+
         Total |   6374 |   6142 |    232 |    236 |   4970 |   7 |  910.6 |
       Dungeon |   6374 |   6142 |    232 |    236 |   4970 |   7 |  910.6 |
               +--------+--------+--------+--------+--------+-----+--------+

Top non-repeatable levels by time:
     D:5: 1327 daAuts
     D:6: 1156 daAuts
     D:2: 957 daAuts
     D:3: 910 daAuts
     D:4: 887 daAuts
     D:1: 723 daAuts
     D:7: 412 daAuts
